 Dungeon Crawl Stone Soup version 0.29.1-2-gbd0b4ee654 (webtiles) character file.

Game seed: 6095642767565878365

67 hawla the Gusty (level 4, 0/33 HPs)
             Began as a Meteoran Air Elementalist on Dec 1, 2022.
             Slain by a gnoll
             ... wielding a +0 spear
              (5 damage)
             ... on level 2 of the Dungeon.
             The game lasted 00:04:19 (381 turns).

hawla the Gusty (Meteoran Air Elementalist)          Turns: 381, Time: 00:04:19

Health: 0/33       AC:  4    Str:  9    XL:     4   Next: 65%
Magic:  3/10       EV: 13    Int: 19    God:
Gold:   25         SH:  0    Dex: 14    Spells: 7/10 levels left

rFire   . . .      SeeInvis .   (no weapon)
rCold   . . .      Faith    .   (no shield)
rNeg    . . .      Spirit   .   a - +1 robe
rPois   .          Reflect  .   (no helmet)
rElec   .          Harm     .   (no cloak)
rCorr   .          Rampage  .   (no gloves)
Will    .....                   d - +0 pair of boots
Stlth   +.........              (no amulet)
HPRegen 0.11/turn               (no ring)
MPRegen 0.12/turn               (no ring)

@: glowing
A: sense surroundings 1, otherworldly, glowing, explore regen
a: no special abilities


You were on level 2 of the Dungeon.
You visited 1 branch of the dungeon, and saw 3 of its levels.

You collected 25 gold pieces.

Inventory:

Armour
 a - a +1 robe (worn)
 d - a +0 pair of boots (worn)
Jewellery
 f - a ring of protection from cold
Potions
 b - a potion of magic
 e - a potion of heal wounds
 g - a potion of attraction {unknown}
 i - a potion of lignification {unknown}


   Skills:
 + Level 0.1 Fighting
 + Level 3.3 Dodging
 - Level 1.4 Stealth
 + Level 3.5 Spellcasting
 + Level 1.6 Conjurations
 + Level 4.7 Air Magic


You had 7 spell levels left.
You knew the following spells:

 Your Spells              Type           Power      Damage    Failure   Level
a - Shock                 Conj/Air       60%        1d6       4%          1
b - Static Discharge      Conj/Air       15%        3-5/arc   6%          2

Your spell library contained the following spells:

 Spells                   Type           Power      Damage    Failure   Level
 Swiftness                Air            21%        N/A       6%          3
 Airstrike                Air            10%        2d(2-18)  21%         4


Dungeon Overview and Level Annotations

Branches:
Dungeon (3/15) Zot: 1417

Altars:

Annotations:
D:2 Terence


Innate Abilities, Weirdness & Mutations

You passively map a small area around you.
You are easily found by Zot.
You glow in the dark.
You regain HP and MP as you explore.


Message History

The zap hits the gnoll but does no damage.
The gnoll closely misses you.
A rat comes into view.
Casting: Shock (safe; 4% risk of failure)
Confirm with . or Enter, or press ? or * to list all spells.
Aiming: Shock (safe; 4% risk of failure)
Press: ? - help, Shift-Dir - straight line, f/p - gnoll
Aim: a gnoll, wielding a +0 club (75% to hit)
The zap hits the gnoll.
The gnoll is heavily wounded.
The zap hits the gnoll.
The gnoll is lightly wounded.
The zap hits the gnoll.
The gnoll is moderately wounded.
The gnoll hits you from afar with a +0 spear!
Unknown command.
Found 18 gold pieces.
The gnoll hits you with a +0 spear.
* * * LOW HITPOINT WARNING * * *
The gnoll hits you but does no damage.
Casting: Shock (safe; 4% risk of failure)
Confirm with . or Enter, or press ? or * to list all spells.
The gnoll is struck by an arc of lightning.
The gnoll is heavily wounded.
The gnoll is struck by an arc of lightning.
The gnoll is severely wounded.
The rat is struck by an arc of lightning.
You kill the rat!
The lightning grounds out.
The gnoll hits you with a +0 club.
* * * LOW HITPOINT WARNING * * *
The gnoll misses you.
Unknown command.
Casting: Static Discharge (safe; 6% risk of failure)
Confirm with . or Enter, or press ? or * to list all spells.
The gnoll is struck by an arc of lightning.
The gnoll is almost dead.
The gnoll is struck by an arc of lightning.
The gnoll is almost dead.
The lightning grounds out.
The gnoll closely misses you. The gnoll hits you with a +0 spear.
You die...

.......#######.#.....#*
#.####....#.........##*,
#.# ####.#.##.......##,
#.# #)#)#.........#.* ,
#.# #...#............
#[# ##............###
..# #####.......## ###
##.....## ##@...#* *
#gg...... , ..###..## *
#######..## ..#
###........# )#
######...##...... #*
)...)..###*..##.. ,
######## #$##.# , * *, *
*


You could see 2 gnolls.

Vanquished Creatures
  An orc wizard (D:2)
  2 gnolls (D:2)
  An adder (D:2)
  An orc (D:2)
  An endoplasm (D:1)
  A giant cockroach (D:2)
  2 goblins
  2 hobgoblins
  A quokka (D:2)
  A frilled lizard (D:1)
  A kobold (D:2)
  A rat (D:2)
15 creatures vanquished.

Notes
Turn   | Place    | Note
-------+----------+-------------------------------------------
     0 | D:1      | hawla the Meteoran Air Elementalist began the quest for the
                  | Orb.
     0 | D:1      | Reached XP level 1. HP: 14/14 MP: 5/5
    55 | D:1      | Found a faded altar of an unknown god.
   173 | D:1      | Reached XP level 2. HP: 18/20 MP: 4/6
   216 | D:2      | Reached skill level 4 in Air Magic
   219 | D:2      | Learned a level 2 spell: Static Discharge
   227 | D:2      | Reached XP level 3. HP: 6/26 MP: 1/8
   227 | D:2      | Reached XP level 4. HP: 7/33 MP: 1/9
   370 | D:2      | Noticed Terence
   381 | D:2      | Slain by a gnoll

Illustrated notes

Levels and vault maps discovered:
D:1:      dpeg_arrival_round_b, layout_basic, ebering_ecumenical_altar_hall,
          amcnicky_mini_corridor_feature, minmay_crystal_room, minivault_26
D:2:      layout_loops_ring, minmay_bisected, uniq_terence
D:3:      layout_basic, nicolae_overflow_crystal_walls,
          mainiacjoe_overflow_cross_hatched, kennysheep_generic_room_4

Skill      XL: |  1  2  3  4 |
---------------+-------------+-----
Air Magic      | 4 |  4.7
Spellcasting   | 3 |  3.5
Dodging        | 3 |  3.3
Fighting       | |  0.1
Stealth        | |  1.4
Conjurations   | |  1.6

Action                   |  1- 3 |  4- 6 || total
-------------------------+-------+-------++-------
Melee: Unarmed           |     6 |     6 ||    12
 Cast: Shock             |    10 |    16 ||    26
       Static Discharge  |     2 |     5 ||     7
  Use: Scroll            |       |     2 ||     2
Armor: Robe              |     6 |     8 ||    14
Dodge: Dodged            |     3 |    18 ||    21
